 Dungeon Crawl Stone Soup version 0.30-a0-283-gf371ce1921 (webtiles) character file.

Game seed: 7437495318014439989

56 Essalna the Insei (level 3, -5/24 HPs)
             Began as an Octopode Transmuter on Oct 17, 2022.
             Slain by a gnoll
             ... wielding a +0 flail
             ... led by a gnoll bouda
              (13 damage)
             ... on level 3 of the Dungeon.
             The game lasted 00:04:05 (2422 turns).

Essalna the Insei (Octopode Transmuter)             Turns: 2422, Time: 00:04:06

Health: -5/24      AC:  1    Str: 11    XL:     3   Next: 97%
Magic:  24/24      EV: 13    Int: 15    God:
Gold:   91         SH:  0    Dex: 12    Spells: 5/6 levels left

rFire   . . .      SeeInvis .      - Unarmed
rCold   . . .      Faith    .    (no shield)
rNeg    . . .      Spirit   .    (helmet restricted)
rPois   .          Reflect  .    (no amulet)
rElec   .          Harm     .    c - ring of magical power
rCorr   .          Rampage  .    i - ring of magical power
Will    .....                    (no ring)
Stlth   ++........               (no ring)
HPRegen 0.24/turn                (no ring)
MPRegen 0.19/turn                (no ring)
                                 (no ring)
                                 (no ring)

@: weakened
A: almost no armour, amphibious, 8 rings, camouflage 1, gelatinous body 1,
(nimble swimmer 1), tentacles
a: no special abilities


You were on level 3 of the Dungeon.
You visited 1 branch of the dungeon, and saw 3 of its levels.

You collected 91 gold pieces.

Inventory:

Magical Staves
 m - a staff of conjuration
Jewellery
 c - a ring of magical power (left tentacle)
 i - a ring of magical power (right tentacle)
Scrolls
 d - a scroll of identify
 e - a scroll of enchant weapon
 g - 2 scrolls of teleportation
 h - 2 scrolls of vulnerability {unknown}
 k - a scroll of fear {unknown}
Potions
 a - a potion of lignification
 b - 2 potions of attraction
 f - a potion of might {unknown}
 j - 2 potions of heal wounds {unknown}
 l - a potion of haste {unknown}
 n - a potion of brilliance {unknown}


   Skills:
 + Level 2.1 Fighting
 + Level 2.8 Dodging
 - Level 3.0 Unarmed Combat
 - Level 2.0 Spellcasting
 + Level 2.9 Transmutations


You had 5 spell levels left.
You knew the following spells:

 Your Spells              Type           Power      Damage    Failure   Level
a - Beastly Appendage     Tmut           20%        N/A       7%          1

Your spell library contained the following spells:

 Spells                   Type           Power      Damage    Failure   Level
 Wereblood                Tmut           10%        N/A       11%         2
 Spider Form              Tmut/Pois      5%         N/A       36%         3
 Ice Form                 Ice/Tmut       5%         N/A       77%         4


Dungeon Overview and Level Annotations

Branches:
Dungeon (3/15)

Altars:


Innate Abilities, Weirdness & Mutations

You cannot wear most types of armour.
You are amphibious.
You can wear up to eight rings at the same time.
Your skin changes colour to match your surroundings (Stealth+).
Your rubbery body absorbs attacks. (AC +1, EV +1)
((You are camouflaged when in or above water. (Stealth+)))
You have tentacles for arms and can constrict up to eight enemies at once.


Message History

Things that are here:
a +0 club; a goblin corpse You see here a frilled lizard corpse.
Found a stone staircase leading down.
There is a stone staircase leading down here.
You hear the slow rusting of a very distant drain.
As you read the scroll labelled WISAWK PEWUEMUSM, it crumbles to dust.
You feel aware of your surroundings.
You sensed 1 shop/portal.
It was a scroll of magic mapping.
Found 9 stones and 2 scrolls labelled CIDAPNEOG.
Found a fizzy silvery potion and an orange potion.
HP restored.
h - 2 scrolls labelled CIDAPNEOG
Found an escape hatch in the ceiling.
There is an escape hatch in the ceiling here.
Found a scroll of teleportation and a scroll labelled MEMNOT WUYNN.
Found a ruby potion.
g - 2 scrolls of teleportation (gained 1)
You hear the slow rusting of a very distant drain.
k - a scroll labelled MEMNOT WUYNN
n - a ruby potion
Found a potion of attraction.
Found a fizzy silvery potion.
A gnoll bouda comes into view. It is wielding a +0 whip.
A kobold and 3 gnolls come into view.
The gnoll shouts! x2; The gnoll bouda shouts!
You hear a shout!
The kobold shouts!
The gnoll bouda gazes fiercely through you!
You feel your attacks grow feeble. The gnoll attacks as you move away!
The gnoll hits you with a +0 flail!
Ouch! That really hurt!
A gnoll comes into view. It is wielding a +0 halberd.
The kobold throws a stone.
The stone hits you but does no damage.
The gnoll bouda barks out a call to the hunt!
The gnolls pick up the pace!
The gnoll attacks as you move away! The gnoll barely misses you.
The gnoll hits you with a +0 flail. The gnoll attacks as you move away!
The gnoll hits you with a +0 flail!
Ouch! That really hurt!
You die...

#.#...,**,* *,*
#.#..*,**,* **,*
#.#g.,,**,* **,*,
#.#g#,#**,******,***
#.#.#.# *,,,,,,,** *
#.#.#.###..*****,***
#..gg......* **,*,
###g#.####,* **,*
#@#,** *,*********
***#..#,***,,,,,,,,,,
*,,.K.#*,,,,*********
*,##..#,,,,,,,,,,,,,,
*,*#.#.*,*,,,,,,,,,,,
*,*#.#..,,,,*********
****,*#....,,,**
*,,*,*####..,,*
***,,,,,,,,,,,,,*


You could see a gnoll bouda, 4 gnolls and a kobold.

Vanquished Creatures
  An adder (D:2)
  4 ball pythons
  6 bats
  3 endoplasms
  2 giant cockroaches (D:1)
  6 goblins
  8 hobgoblins
  3 kobolds
  A quokka (D:2)
  2 frilled lizards
  5 rats
41 creatures vanquished.

Vanquished Creatures (others)
  A fungus (D:1)
  2 plants (D:1)
3 creatures vanquished.

Grand Total: 44 creatures vanquished

Notes
Turn   | Place    | Note
-------+----------+-------------------------------------------
     0 | D:1      | Essalna the Octopode Transmuter began the quest for the
                  | Orb.
     0 | D:1      | Reached XP level 1. HP: 13/13 MP: 3/3
   352 | D:1      | Reached XP level 2. HP: 8/18 MP: 5/5
   623 | D:1      | Found a faded altar of an unknown god.
   859 | D:1      | Reached XP level 3. HP: 17/24 MP: 6/6
  2281 | D:2      | You fall into a shaft and drop 1 floor!
  2422 | D:3      | Slain by a gnoll

Illustrated notes

Levels and vault maps discovered:
D:1:      elethiomel_arrival_maze, layout_loops_corners,
          shapermc_ecumenical_altar_ellora, corexii_hall_statues_u
D:2:      layout_basic, minmay_surrounded
D:3:      layout_loops_ring, cheibrodos_sewer_entry_bend,
          chequers_serial_rivers_room_b

Skill      XL: |  1  2  3 |
---------------+----------+-----
Fighting       | 2 |  2.1
Dodging        | |  2.8
Unarmed Combat | |  3.0
Spellcasting   | |  2.0
Transmutations | |  2.9

Action                   || total
-------------------------++-------
Melee: Unarmed           ||    99
       Kick              ||    16
       Constrict         ||    23
       Tentacles         ||    17
       Punch             ||     2
 Cast: Beastly Appendage ||    28
  Use: Scroll            ||     6
 Stab: Sleeping          ||     9
Armor: Skin              ||    14
Dodge: Dodged            ||    47

Table legend: (Time is in decaauts)
 A = Elapsed time spent in this place.
 B = Non-inter-level travel time spent in this place.
 C = Inter-level travel time spent in this place.
 D = Time resting spent in this place.
 E = Time spent auto-exploring this place.
 F = Levels seen in this place.
 G = Mean time per level.
                   A        B        C        D        E       F      G
               +--------+--------+--------+--------+--------+-----+--------+
         Total |   2414 |   2256 |    158 |      0 |   1885 |   3 |  804.7 |
       Dungeon |   2414 |   2256 |    158 |      0 |   1885 |   3 |  804.7 |
               +--------+--------+--------+--------+--------+-----+--------+

Top non-repeatable levels by time:
     D:1: 1535 daAuts
     D:2: 738 daAuts
     D:3: 140 daAuts
